[Event "SWE-ch Junior 2019"]
[Site "Eskilstuna"]
[Date "2019.07.06"]
[Round "1.1"]
[White "Pantzar, Milton"]
[Black "Carlsson, Ludvig"]
[Result "1/2-1/2"]
[ECO "B23"]
[WhiteElo "2357"]
[BlackElo "2218"]
[Annotator "NA"]
[PlyCount "79"]
[EventDate "2019.07.06"]
[EventType "tourn"]
[EventCountry "SWE"]
[SourceTitle "playchess.com"]
[Source "ChessBase"]
[SourceQuality "1"]
[TimeControl "40/5400+30:1800+30"]

1. e4 c5 2. Nc3 g6 3. Bc4 Nc6 4. d3 Bg7 5. a3 d6 6. Nf3 Nf6 7. h3 O-O 8. O-O a6 9. Ba2 b5 10. Be3 Nd7 11. Qd2 Nd4 12. Nh2 Kh8 13. Nd1 f5 14. c3 Nc6 15. exf5 gxf5 16. Bh6 Bxh6 17. Qxh6 Nde5 18. f4 Nxd3 19. Bd5 Rf6 20. Qh5 c4 21. Bxc6 Qb6+ 22. Nf2 Qxc6 23. Nxd3 cxd3 24. Rad1 Bb7 25. Nf3 Rg8 26. Rxd3 Qe4 27. Rd4 Qe3+ 28. Rf2 Rfg6 29. Ng5 Rxg5 30. fxg5 Rxg5 31. Qe2 Rxg2+ 32. Kf1 Qc1+ 33. Rd1 Rxf2+ 34. Kxf2 Qf4+ 35. Ke1 Bf3 36. Qxe7 Qg3+ 37. Kd2 Bxd1 38. Qf8+ Qg8 39. Qf6+ Qg7 40. Qd8+ 1/2-1/2

[Event "SWE-ch Junior 2019"]
[Site "Eskilstuna"]
[Date "2019.07.06"]
[Round "1.2"]
[White "Johnson, Daniel"]
[Black "Sundin, Emanuel"]
[Result "1/2-1/2"]
[ECO "A65"]
[WhiteElo "2212"]
[BlackElo "2134"]
[Annotator "NA"]
[PlyCount "32"]
[EventDate "2019.07.06"]
[EventType "tourn"]
[EventCountry "SWE"]
[SourceTitle "playchess.com"]
[Source "ChessBase"]
[SourceQuality "1"]
[TimeControl "40/5400+30:1800+30"]

1. d4 Nf6 2. c4 g6 3. Nc3 Bg7 4. e4 d6 5. f3 O-O 6. Nge2 c5 7. d5 e6 8. Ng3 exd5 9. cxd5 h5 10. Bg5 Qb6 11. Qd2 Nh7 12. Be3 Nd7 13. Nge2 Ne5 14. Nf4 a6 15. Be2 Qa5 16. O-O b5 1/2-1/2

[Event "SWE-ch Junior 2019"]
[Site "Eskilstuna"]
[Date "2019.07.06"]
[Round "1.3"]
[White "Petersson, Baldur Teodor"]
[Black "Sorensen, Hampus"]
[Result "1-0"]
[ECO "C54"]
[WhiteElo "2179"]
[BlackElo "2352"]
[Annotator "NA"]
[PlyCount "111"]
[EventDate "2019.07.06"]
[EventType "tourn"]
[EventCountry "SWE"]
[SourceTitle "playchess.com"]
[Source "ChessBase"]
[SourceQuality "1"]
[TimeControl "40/5400+30:1800+30"]

1. e4 e5 2. Nf3 Nc6 3. Bc4 Bc5 4. c3 Nf6 5. d3 d6 6. O-O a5 7. a4 O-O 8. Nbd2 h6 9. h3 Be6 10. Re1 Qb8 11. Nh4 Ne7 12. Qf3 Nh7 13. Nf1 Qc8 14. Ng3 c6 15. Nhf5 Bxf5 16. exf5 d5 17. Bb3 Bd6 18. f6 Nxf6 19. Bxh6 Nh7 20. Bd2 f5 21. c4 e4 22. Qe2 Kh8 23. cxd5 cxd5 24. Nh5 Be5 25. Rac1 Qb8 26. dxe4 fxe4 27. Bc3 Ra6 28. Qg4 Rg6 29. Qd7 Bxc3 30. Rxc3 Qe5 31. Ng3 Nf6 32. Qc7 Qxc7 33. Rxc7 Nc6 34. Rxb7 Ne5 35. Rb5 Nd3 36. Re2 Nf4 37. Re1 Nd3 38. Re2 Nf4 39. Re1 d4 40. Rf5 Nd3 41. Rxe4 Nc1 42. Rh4+ Rh6 43. Rxh6+ gxh6 44. Bd1 Re8 45. Rxf6 Re1+ 46. Kh2 Rxd1 47. Rxh6+ Kg8 48. Rd6 d3 49. Ne4 Nb3 50. h4 d2 51. Rd3 Ra1 52. Nxd2 Nxd2 53. Rxd2 Rxa4 54. Kg3 Rb4 55. Rd5 Rb3+ 56. f3 1-0

[Event "SWE-ch Junior 2019"]
[Site "Eskilstuna"]
[Date "2019.07.06"]
[Round "1.4"]
[White "Rasti, Arvin"]
[Black "Joensson, Jacob"]
[Result "1/2-1/2"]
[ECO "D36"]
[WhiteElo "2220"]
[BlackElo "1981"]
[Annotator "NA"]
[PlyCount "123"]
[EventDate "2019.07.06"]
[EventType "tourn"]
[EventCountry "SWE"]
[SourceTitle "playchess.com"]
[Source "ChessBase"]
[SourceQuality "1"]
[TimeControl "40/5400+30:1800+30"]

1. d4 Nf6 2. c4 e6 3. Nc3 d5 4. cxd5 exd5 5. Bg5 c6 6. Qc2 Be7 7. e3 Nbd7 8. Bd3 Nh5 9. Bxe7 Qxe7 10. Nge2 Nb6 11. O-O-O Be6 12. Kb1 O-O-O 13. Rc1 Kb8 14. Rhg1 g6 15. g3 Ng7 16. Na4 Nxa4 17. Qxa4 Bf5 18. Rc3 Bxd3+ 19. Rxd3 Qe4 20. Qc2 Nf5 21. Nc3 Qe7 22. Ka1 h5 23. Na4 Nd6 24. Rb3 Ka8 25. Qc5 Rhe8 26. Qc2 Qe4 27. Qd2 Nc4 28. Qb4 Qe7 29. Qc3 Rd7 30. Rc1 Rc7 31. Nc5 Qf6 32. Qc2 Nd6 33. Nd3 Qf5 34. Qe2 Rce7 35. Rc5 Nc4 36. Rc3 Qe4 37. b3 Nd6 38. Qd1 Qg2 39. Rc2 Qxh2 40. Nb4 Qh3 41. Qc1 Kb8 42. Qa3 Qd7 43. Qa4 Rc8 44. Rc1 f6 45. Qa3 g5 46. Rh1 Rh7 47. Qc1 h4 48. Qg1 Ne4 49. Rc1 hxg3 50. Rxh7 Qxh7 51. f3 Qh2 52. fxe4 dxe4 53. Qxh2 gxh2 54. Rh1 Rh8 55. Nc2 f5 56. Kb2 f4 57. exf4 gxf4 58. Kc1 Kc7 59. Kd2 Rh3 60. Ne1 a5 61. Ke2 a4 62. Kf1 1/2-1/2

[Event "SWE-ch Junior 2019"]
[Site "Eskilstuna"]
[Date "2019.07.07"]
[Round "2.1"]
[White "Carlsson, Ludvig"]
[Black "Sundin, Emanuel"]
[Result "1-0"]
[ECO "A80"]
[WhiteElo "2218"]
[BlackElo "2134"]
[Annotator "NA"]
[PlyCount "57"]
[EventDate "2019.07.06"]
[EventType "tourn"]
[EventCountry "SWE"]
[SourceTitle "playchess.com"]
[Source "ChessBase"]
[SourceQuality "1"]
[TimeControl "40/5400+30:1800+30"]

1. d4 f5 2. Bf4 Nf6 3. e3 e6 4. Bd3 b6 5. h3 Bb7 6. Nf3 Be7 7. c3 d6 8. Bh2 Ne4 9. Nbd2 Bf6 10. O-O O-O 11. Qc2 Nxd2 12. Nxd2 Nd7 13. e4 g6 14. Qb3 d5 15. exf5 exf5 16. Be2 c5 17. Bf3 cxd4 18. Bxd5+ Bxd5 19. Qxd5+ Kh8 20. cxd4 Nc5 21. Qxd8 Raxd8 22. dxc5 Rxd2 23. c6 Rc8 24. c7 g5 25. Rad1 Rc2 26. Be5 Kg7 27. Rd7+ Kg6 28. Rd6 Rf8 29. Bc3 1-0

[Event "SWE-ch Junior 2019"]
[Site "Eskilstuna"]
[Date "2019.07.07"]
[Round "2.2"]
[White "Pantzar, Milton"]
[Black "Petersson, Baldur Teodor"]
[Result "0-1"]
[ECO "E71"]
[WhiteElo "2357"]
[BlackElo "2179"]
[Annotator "NA"]
[PlyCount "248"]
[EventDate "2019.07.06"]
[EventType "tourn"]
[EventCountry "SWE"]
[SourceTitle "playchess.com"]
[Source "ChessBase"]
[SourceQuality "1"]
[TimeControl "40/5400+30:1800+30"]

1. d4 Nf6 2. c4 g6 3. Nc3 Bg7 4. e4 d6 5. h3 O-O 6. Be3 e5 7. d5 Na6 8. Nge2 Nc5 9. Qc2 a5 10. g4 h5 11. f3 Nh7 12. O-O-O h4 13. Kb1 b6 14. Bg2 g5 15. Nc1 Ba6 16. b3 Qe7 17. Rhe1 Rfb8 18. Bf1 Nf8 19. a3 Ng6 20. Kb2 Nf4 21. b4 Nd7 22. Nb3 Qe8 23. Nb5 Bxb5 24. cxb5 axb4 25. axb4 Rb7 26. Ra1 Qb8 27. Ra6 Rxa6 28. bxa6 Ra7 29. Qc6 Qd8 30. Ra1 Kh7 31. Ra2 Nb8 32. Qb5 Ng6 33. Kb1 Bf6 34. Qc4 Ne7 35. Nc1 Nc8 36. Qc2 Kg7 37. Bb5 Ra8 38. Bf1 Na7 39. Qc4 Qd7 40. Nb3 Bd8 41. Nc1 Qc8 42. Qc2 Qd7 43. Bd3 Bf6 44. Ne2 Bd8 45. Nc3 Qe7 46. Nb5 Nxb5 47. Bxb5 Ra7 48. Qc4 Qf6 49. Qe2 Kh8 50. Kc2 Kg7 51. Kd1 Kh8 52. Ke1 Kg7 53. Kf2 Kh8 54. Qc4 Qe7 55. Bc6 Kg7 56. Qb5 Kh8 57. Qc4 Kg7 58. Ke2 Kh8 59. Bb7 Kg7 60. Rc2 Qd7 61. b5 Qe7 62. Bc8 Qf6 63. Rc1 Qe7 64. Bf2 Qf6 65. Bf5 Qe7 66. Qc3 Kg8 67. Rb1 Ra8 68. Kf1 Ra7 69. Kg2 Ra8 70. Kh2 Ra7 71. Rc1 Qe8 72. Qc4 Qe7 73. Rc2 Qe8 74. Be3 Qe7 75. Bf2 Qe8 76. Be3 Qe7 77. Ra2 Kg7 78. Qc3 Kg8 79. Bc1 Qe8 80. Rb2 Ra8 81. Rb1 Ra7 82. Qc4 Kg7 83. Bb2 Kg8 84. Ba1 Qe7 85. Qc3 f6 86. Qc4 Kf8 87. Bc3 Qe8 88. Be6 Nd7 89. Bxd7 Qxd7 90. Bd2 Kg7 91. Be3 Kf7 92. Rc1 Kf8 93. Kg2 Kf7 94. Kf2 Kf8 95. Ke2 Kf7 96. Kd3 Kf8 97. Qb4 Kf7 98. Rc6 Ke7 99. Qa3 Kf7 100. Bxb6 cxb6 101. Qxd6 Qxd6 102. Rxd6 Ke7 103. Rc6 Kd7 104. Kc4 Ra8 105. d6 Rxa6 106. bxa6 Kxc6 107. a7 Kb7 108. Kb5 Kxa7 109. Kc6 b5 110. Kxb5 Kb7 111. Kc5 Kc8 112. Kc6 Ba5 113. d7+ Kd8 114. Kd6 Bb4+ 115. Ke6 Be7 116. Kf7 Kxd7 117. Kg6 Ke6 118. Kg7 Ba3 119. Kg6 Bf8 120. Kh7 Kf7 121. Kh8 Bh6 122. Kh7 Bg7 123. f4 exf4 124. e5 Bf8 0-1

[Event "SWE-ch Junior 2019"]
[Site "Eskilstuna"]
[Date "2019.07.07"]
[Round "2.3"]
[White "Joensson, Jacob"]
[Black "Johnson, Daniel"]
[Result "1/2-1/2"]
[ECO "D60"]
[WhiteElo "1981"]
[BlackElo "2212"]
[Annotator "NA"]
[PlyCount "82"]
[EventDate "2019.07.06"]
[EventType "tourn"]
[EventCountry "SWE"]
[SourceTitle "playchess.com"]
[Source "ChessBase"]
[SourceQuality "1"]
[TimeControl "40/5400+30:1800+30"]

1. d4 d5 2. c4 e6 3. Nc3 Be7 4. Nf3 Nf6 5. Bg5 O-O 6. e3 b6 7. Bd3 Bb7 8. O-O dxc4 9. Bxc4 Nbd7 10. Qe2 a6 11. a4 h6 12. Bh4 c5 13. Rfd1 Qe8 14. Rac1 cxd4 15. exd4 Bd6 16. Ne5 Nd5 17. Nxd5 exd5 18. Nxd7 Qxd7 19. Bb3 Bc6 20. Qf3 Rac8 21. Bg3 Bxg3 22. hxg3 Bxa4 23. Bxa4 Qxa4 24. Qxd5 Rfd8 25. b3 Qb4 26. Rxc8 Rxc8 27. Qb7 Rd8 28. Qxa6 Qxb3 29. Qd3 Qd5 30. Qf3 Qxf3 31. gxf3 Kf8 32. Kf1 Ke7 33. Ke2 Kd6 34. Kd3 Ra8 35. Rb1 Ra3+ 36. Ke2 Ra6 37. Kd3 Ra3+ 38. Ke2 Ra2+ 39. Ke3 Ra3+ 40. Ke2 Ra2+ 41. Ke3 Ra3+ 1/2-1/2

[Event "SWE-ch Junior 2019"]
[Site "Eskilstuna"]
[Date "2019.07.07"]
[Round "2.4"]
[White "Sorensen, Hampus"]
[Black "Storme, Isak"]
[Result "0-1"]
[ECO "A11"]
[WhiteElo "2352"]
[BlackElo "2330"]
[Annotator "NA"]
[PlyCount "60"]
[EventDate "2019.07.06"]
[EventType "tourn"]
[EventCountry "SWE"]
[SourceTitle "playchess.com"]
[Source "ChessBase"]
[SourceQuality "1"]
[TimeControl "40/5400+30:1800+30"]

1. c4 c6 2. Nf3 d5 3. e3 Nf6 4. Nc3 e6 5. b3 Bd6 6. Bb2 O-O 7. Qc2 Nbd7 8. h3 b6 9. g4 Bb7 10. g5 Ne8 11. h4 f5 12. gxf6 Qxf6 13. Be2 Ne5 14. Rh3 dxc4 15. O-O-O cxb3 16. axb3 Qf5 17. Qxf5 exf5 18. Nb5 cxb5 19. Nxe5 Bd5 20. Bxb5 Bxb3 21. Rg1 Rc8+ 22. Kb1 Rc5 23. Bxe8 Bc2+ 24. Kc1 Bd3+ 25. Kd1 Bxe5 26. Bxe5 Rxe5 27. Ba4 Ra5 28. Bb3+ Kh8 29. Ke1 Ra1+ 30. Bd1 Rc8 0-1

[Event "SWE-ch Junior 2019"]
[Site "Eskilstuna"]
[Date "2019.07.07"]
[Round "2.5"]
[White "Torngren, Gustav"]
[Black "Rasti, Arvin"]
[Result "1/2-1/2"]
[ECO "D36"]
[WhiteElo "2109"]
[BlackElo "2220"]
[Annotator "NA"]
[PlyCount "88"]
[EventDate "2019.07.06"]
[EventType "tourn"]
[EventCountry "SWE"]
[SourceTitle "playchess.com"]
[Source "ChessBase"]
[SourceQuality "1"]
[TimeControl "40/5400+30:1800+30"]

1. d4 d5 2. c4 e6 3. Nc3 c6 4. cxd5 exd5 5. Qc2 Nf6 6. Bg5 Be7 7. e3 Nbd7 8. Bd3 O-O 9. Nf3 Re8 10. O-O Nf8 11. Bxf6 Bxf6 12. b4 Bg4 13. Nd2 Rc8 14. Bf5 Bxf5 15. Qxf5 Ne6 16. Rfc1 g6 17. Qd3 Qd6 18. Rab1 Red8 19. Rc2 b6 20. Qa6 Qd7 21. Ne2 Rc7 22. Rbc1 Rdc8 23. Nf3 h5 24. Qa4 Qd6 25. Qb3 h4 26. h3 Kh8 27. Rd1 Qd7 28. Nc1 Ng5 29. Nxg5 Bxg5 30. Qd3 Be7 31. Qd2 g5 32. Nd3 f6 33. Qe2 Rg8 34. Qg4 f5 35. Qh5+ Kg7 36. Ne5 Qe6 37. b5 Rh8 38. Qe2 c5 39. f4 c4 40. Kh1 Bf6 41. Qf3 Bxe5 42. dxe5 gxf4 43. Qxf4 Kg6 44. Rf2 Rh5 1/2-1/2

[Event "SWE-ch Junior 2019"]
[Site "Eskilstuna"]
[Date "2019.07.08"]
[Round "3.1"]
[White "Petersson, Baldur Teodor"]
[Black "Carlsson, Ludvig"]
[Result "1-0"]
[ECO "A05"]
[WhiteElo "2179"]
[BlackElo "2218"]
[Annotator "NA"]
[PlyCount "89"]
[EventDate "2019.07.06"]
[EventType "tourn"]
[EventCountry "SWE"]
[SourceTitle "playchess.com"]
[Source "ChessBase"]
[SourceQuality "1"]
[TimeControl "40/5400+30:1800+30"]

1. e4 e6 2. d3 c5 3. Nf3 b6 4. g3 Bb7 5. Bg2 d6 6. O-O Nf6 7. Re1 Be7 8. c3 O-O 9. Nbd2 Nc6 10. Nf1 b5 11. a3 Ne5 12. Nxe5 dxe5 13. f4 exf4 14. Bxf4 Qb6 15. Qe2 c4+ 16. d4 Bc6 17. Kh1 Qb7 18. Nd2 Rfe8 19. Bg5 Rec8 20. Bxf6 Bxf6 21. e5 Bxg2+ 22. Qxg2 Qxg2+ 23. Kxg2 Be7 24. Ne4 Rab8 25. Red1 a6 26. d5 exd5 27. Rxd5 Rd8 28. Rad1 Rxd5 29. Rxd5 Rd8 30. Rxd8+ Bxd8 31. Nc5 a5 32. Nb7 Bc7 33. Nd6 Bxd6 34. exd6 Kf8 35. Kf3 Ke8 36. Ke4 Kd7 37. Kd5 f5 38. h4 a4 39. Ke5 g6 40. Kd5 Kd8 41. Ke6 h5 42. Kf6 Kd7 43. Kxg6 Kxd6 44. Kxh5 Kd5 45. Kg5 1-0

[Event "SWE-ch Junior 2019"]
[Site "Eskilstuna"]
[Date "2019.07.08"]
[Round "3.2"]
[White "Sundin, Emanuel"]
[Black "Joensson, Jacob"]
[Result "1-0"]
[ECO "C18"]
[WhiteElo "2134"]
[BlackElo "1981"]
[Annotator "NA"]
[PlyCount "53"]
[EventDate "2019.07.06"]
[EventType "tourn"]
[EventCountry "SWE"]
[SourceTitle "playchess.com"]
[Source "ChessBase"]
[SourceQuality "1"]
[TimeControl "40/5400+30:1800+30"]

1. e4 e6 2. d4 d5 3. Nc3 Bb4 4. e5 c5 5. a3 Bxc3+ 6. bxc3 Qa5 7. Bd2 Qa4 8. Qg4 g6 9. Nf3 Nc6 10. Be2 b6 11. c4 Nge7 12. O-O Ba6 13. dxc5 bxc5 14. Bg5 Qxc2 15. Rfe1 Qf5 16. Qh4 h5 17. Bf6 Rg8 18. Ng5 Nd4 19. Nxf7 Kxf7 20. Bxe7 Nc2 21. Bxc5 Kg7 22. Red1 Nxa1 23. Bd3 Qf7 24. Rxa1 Rac8 25. Be7 Bxc4 26. Bf6+ Kh7 27. Qxh5# 1-0

[Event "SWE-ch Junior 2019"]
[Site "Eskilstuna"]
[Date "2019.07.08"]
[Round "3.3"]
[White "Storme, Isak"]
[Black "Pantzar, Milton"]
[Result "0-1"]
[ECO "C55"]
[WhiteElo "2330"]
[BlackElo "2357"]
[Annotator "NA"]
[PlyCount "84"]
[EventDate "2019.07.06"]
[EventType "tourn"]
[EventCountry "SWE"]
[SourceTitle "playchess.com"]
[Source "ChessBase"]
[SourceQuality "1"]
[TimeControl "40/5400+30:1800+30"]

1. e4 e5 2. Nf3 Nc6 3. Bc4 Nf6 4. d3 Be7 5. O-O O-O 6. Re1 d6 7. a3 Kh8 8. Nc3 Bg4 9. h3 Bh5 10. Nd5 Nxd5 11. Bxd5 Bxf3 12. Qxf3 Nd4 13. Qd1 c6 14. Ba2 Bg5 15. c3 Ne6 16. Qg4 Bxc1 17. Raxc1 Nf4 18. Rcd1 f5 19. exf5 h5 20. Qf3 Rxf5 21. d4 Qf6 22. dxe5 dxe5 23. Kh1 Rf8 24. Bb1 Rg5 25. Qe4 g6 26. Rg1 Rg4 27. Qe3 Qg5 28. Be4 Rf7 29. Kh2 Kh7 30. Rd6 Qh4 31. Bf3 Rg5 32. Be4 Rg4 33. Bf3 Rg5 34. Be4 a5 35. Rgd1 Kh6 36. Rd7 Nxg2 37. Bxg2 Qxf2 38. Qe4 Rf4 39. R7d2 Qg3+ 40. Kh1 Rxe4 41. Bxe4 Qxh3+ 42. Rh2 Qe3 0-1

[Event "SWE-ch Junior 2019"]
[Site "Eskilstuna"]
[Date "2019.07.08"]
[Round "3.4"]
[White "Johnson, Daniel"]
[Black "Torngren, Gustav"]
[Result "1-0"]
[ECO "E38"]
[WhiteElo "2212"]
[BlackElo "2109"]
[Annotator "NA"]
[PlyCount "87"]
[EventDate "2019.07.06"]
[EventType "tourn"]
[EventCountry "SWE"]
[SourceTitle "playchess.com"]
[Source "ChessBase"]
[SourceQuality "1"]
[TimeControl "40/5400+30:1800+30"]

1. d4 e6 2. c4 Nf6 3. Nc3 Bb4 4. Qc2 c5 5. dxc5 Bxc5 6. Nf3 Qb6 7. e3 Be7 8. Be2 O-O 9. O-O d6 10. e4 a6 11. Be3 Qc7 12. Rac1 b6 13. Nd4 Bb7 14. f4 Nc6 15. Nb3 Nd7 16. Nd5 Qd8 17. Nxe7+ Qxe7 18. Rcd1 Nc5 19. Bf3 Rfd8 20. Qf2 f6 21. Rfe1 Nb4 22. Nc1 Qc7 23. a3 Nc6 24. b4 Nd7 25. Qd2 e5 26. Ne2 Nf8 27. f5 a5 28. Nc3 Na7 29. Rc1 Bc6 30. Qf2 Nd7 31. Red1 axb4 32. axb4 Nc8 33. Qb2 Ne7 34. Rd2 g6 35. fxg6 hxg6 36. Rcd1 Nf8 37. Bg4 f5 38. exf5 gxf5 39. Bh3 Be8 40. Bg5 Bf7 41. Nb5 Qxc4 42. Bxe7 Qxb5 43. Bxd8 Rxd8 44. Bxf5 1-0

[Event "SWE-ch Junior 2019"]
[Site "Eskilstuna"]
[Date "2019.07.08"]
[Round "3.5"]
[White "Rasti, Arvin"]
[Black "Sorensen, Hampus"]
[Result "0-1"]
[ECO "C49"]
[WhiteElo "2220"]
[BlackElo "2352"]
[Annotator "NA"]
[PlyCount "106"]
[EventDate "2019.07.06"]
[EventType "tourn"]
[EventCountry "SWE"]
[SourceTitle "playchess.com"]
[Source "ChessBase"]
[SourceQuality "1"]
[TimeControl "40/5400+30:1800+30"]

1. e4 e5 2. Nf3 Nc6 3. Nc3 Nf6 4. Bb5 Bb4 5. O-O O-O 6. d3 Bxc3 7. bxc3 d6 8. Bg5 h6 9. Bh4 Qe7 10. Re1 Nd8 11. d4 Bg4 12. h3 Bxf3 13. Qxf3 Ne6 14. Rad1 Rad8 15. Bf1 Nf4 16. g3 Ne6 17. Bxf6 Qxf6 18. Qxf6 gxf6 19. Bc4 Rfe8 20. Bxe6 fxe6 21. f4 exf4 22. gxf4 Kf7 23. Kf2 Rg8 24. Rg1 f5 25. Rxg8 Rxg8 26. e5 h5 27. Kf3 h4 28. Kf2 d5 29. Rd3 Ke7 30. Re3 Kd7 31. a3 Kc6 32. Ke2 Kb5 33. Kd3 c6 34. Rf3 Rg2 35. Re3 b6 36. Rf3 Rg1 37. Kd2 Rg2+ 38. Kd3 Rh2 39. Re3 Rf2 40. a4+ Kxa4 41. Re1 Rf3+ 42. Kd2 Rxh3 43. Ra1+ Kb5 44. Rxa7 Rh2+ 45. Kc1 Rh1+ 46. Kb2 h3 47. Rh7 c5 48. Rh6 h2 49. Rh8 Kc4 50. dxc5 bxc5 51. Rh4 d4 52. cxd4 cxd4 53. Rh3 Kd5 0-1

[Event "SWE-ch Junior 2019"]
[Site "Eskilstuna"]
[Date "2019.07.09"]
[Round "4.1"]
[White "Carlsson, Ludvig"]
[Black "Joensson, Jacob"]
[Result "1-0"]
[ECO "D59"]
[WhiteElo "2218"]
[BlackElo "1981"]
[Annotator "NA"]
[PlyCount "59"]
[EventDate "2019.07.06"]
[EventType "tourn"]
[EventCountry "SWE"]
[SourceTitle "playchess.com"]
[Source "ChessBase"]
[SourceQuality "1"]
[TimeControl "40/5400+30:1800+30"]

1. d4 e6 2. c4 d5 3. Nf3 Nf6 4. Nc3 Be7 5. Bg5 O-O 6. e3 h6 7. Bh4 b6 8. cxd5 Nxd5 9. Bxe7 Qxe7 10. Nxd5 exd5 11. Qb3 Rd8 12. Rc1 Be6 13. Rc3 c5 14. Qa3 Rc8 15. Be2 Rc7 16. dxc5 bxc5 17. O-O Kf8 18. Nd4 Nd7 19. Rfc1 Rb7 20. Bb5 Rb6 21. Bxd7 Qxd7 22. Rxc5 Kg8 23. Rc7 Qd6 24. Qxd6 Rxd6 25. R1c6 Rxc6 26. Rxc6 Kf8 27. Nxe6+ fxe6 28. Rxe6 Rc8 29. g3 Rc2 30. Ra6 1-0

[Event "SWE-ch Junior 2019"]
[Site "Eskilstuna"]
[Date "2019.07.09"]
[Round "4.2"]
[White "Petersson, Baldur Teodor"]
[Black "Storme, Isak"]
[Result "0-1"]
[ECO "C54"]
[WhiteElo "2179"]
[BlackElo "2330"]
[Annotator "NA"]
[PlyCount "62"]
[EventDate "2019.07.06"]
[EventType "tourn"]
[EventCountry "SWE"]
[SourceTitle "playchess.com"]
[Source "ChessBase"]
[SourceQuality "1"]
[TimeControl "40/5400+30:1800+30"]

1. e4 e5 2. Nf3 Nc6 3. Bc4 Bc5 4. c3 Nf6 5. d3 a6 6. O-O d6 7. Bb3 Ba7 8. Nbd2 O-O 9. h3 Kh8 10. Re1 Ng8 11. Nf1 f5 12. exf5 Bxf5 13. Be3 Qf6 14. Bxa7 Rxa7 15. Re3 Nge7 16. g4 Be6 17. Ng3 Bxb3 18. Qxb3 Na5 19. g5 Qg6 20. Qb4 Nd5 21. Nxe5 Qe6 22. Qd4 Nxe3 23. Qxa7 Nc2 24. Rc1 Qxa2 25. Nd7 Re8 26. Ne4 Qxb2 27. Rxc2 Qxc2 28. Qd4 Qb1+ 29. Kg2 Qb5 30. Ndf6 Nc6 31. Qd5 Qxd5 0-1

[Event "SWE-ch Junior 2019"]
[Site "Eskilstuna"]
[Date "2019.07.09"]
[Round "4.3"]
[White "Torngren, Gustav"]
[Black "Sundin, Emanuel"]
[Result "1-0"]
[ECO "D80"]
[WhiteElo "2109"]
[BlackElo "2134"]
[Annotator "NA"]
[PlyCount "61"]
[EventDate "2019.07.06"]
[EventType "tourn"]
[EventCountry "SWE"]
[SourceTitle "playchess.com"]
[Source "ChessBase"]
[SourceQuality "1"]
[TimeControl "40/5400+30:1800+30"]

1. d4 Nf6 2. c4 g6 3. Nc3 d5 4. Bg5 Ne4 5. Bh4 Nxc3 6. bxc3 Bg7 7. g4 dxc4 8. e3 Qd5 9. f3 O-O 10. Qd2 Re8 11. Ne2 Qxf3 12. Rg1 Qc6 13. Bg2 Qa6 14. Nf4 c6 15. Bf1 Nd7 16. a4 e5 17. Nh5 gxh5 18. gxh5 Kh8 19. Bh3 c5 20. Qf2 Qh6 21. O-O-O Qxh5 22. Bxd7 Bxd7 23. Rxg7 Kxg7 24. Rg1+ Qg6 25. Bf6+ Kg8 26. Rxg6+ fxg6 27. dxe5 Bxa4 28. Qh4 Rac8 29. Qxc4+ Kf8 30. Qxa4 Rc7 31. Qxa7 1-0

[Event "SWE-ch Junior 2019"]
[Site "Eskilstuna"]
[Date "2019.07.09"]
[Round "4.4"]
[White "Pantzar, Milton"]
[Black "Rasti, Arvin"]
[Result "1-0"]
[ECO "A11"]
[WhiteElo "2357"]
[BlackElo "2220"]
[Annotator "NA"]
[PlyCount "65"]
[EventDate "2019.07.06"]
[EventType "tourn"]
[EventCountry "SWE"]
[SourceTitle "playchess.com"]
[Source "ChessBase"]
[SourceQuality "1"]
[TimeControl "40/5400+30:1800+30"]

1. c4 c6 2. Nf3 d5 3. e3 Nf6 4. Nc3 e6 5. b3 Nbd7 6. Bb2 Bd6 7. Be2 O-O 8. Qc2 b6 9. Rg1 Bb7 10. g4 e5 11. g5 Ne8 12. h4 f5 13. gxf6 Nexf6 14. O-O-O b5 15. h5 b4 16. Na4 Qe7 17. Nh4 Ne4 18. h6 g6 19. Nxg6 hxg6 20. f3 Ndf6 21. Rxg6+ Kh8 22. fxe4 dxe4 23. c5 Bc7 24. Bc4 Bc8 25. Rg7 Qd8 26. Rdg1 Bf5 27. R1g5 Qc8 28. Rxc7 Qxc7 29. Rxf5 Rae8 30. Qd1 Qh7 31. Rxe5 Rxe5 32. Bxe5 Qf5 33. Qg1 1-0

[Event "SWE-ch Junior 2019"]
[Site "Eskilstuna"]
[Date "2019.07.09"]
[Round "4.5"]
[White "Sorensen, Hampus"]
[Black "Johnson, Daniel"]
[Result "1-0"]
[ECO "D55"]
[WhiteElo "2352"]
[BlackElo "2212"]
[Annotator "NA"]
[PlyCount "101"]
[EventDate "2019.07.06"]
[EventType "tourn"]
[EventCountry "SWE"]
[SourceTitle "playchess.com"]
[Source "ChessBase"]
[SourceQuality "1"]
[TimeControl "40/5400+30:1800+30"]

1. d4 d5 2. c4 e6 3. Nf3 Nf6 4. Bg5 Be7 5. e3 O-O 6. Qc2 b6 7. Nc3 Bb7 8. Rd1 Nbd7 9. a3 h6 10. Bh4 Rc8 11. Be2 c5 12. O-O dxc4 13. Ne5 cxd4 14. Rxd4 Qe8 15. Nxc4 Nd5 16. Bg3 e5 17. Rd2 Nxc3 18. bxc3 Nf6 19. f3 Bc5 20. Kh1 Qe6 21. Rfd1 Ba6 22. Nxe5 Bxe2 23. Rxe2 Nh5 24. Nd7 Nxg3+ 25. hxg3 Rfd8 26. Nxc5 Rxd1+ 27. Qxd1 Rxc5 28. Qd8+ Kh7 29. Qd3+ Qg6 30. Rd2 Qxd3 31. Rxd3 Ra5 32. c4 Rc5 33. Rd7 Ra5 34. Rxf7 Rxa3 35. e4 Rc3 36. Rxa7 Rxc4 37. Rb7 Rb4 38. g4 Rb2 39. Kh2 b5 40. Kh3 b4 41. Kg3 Rb1 42. Kf4 b3 43. g5 hxg5+ 44. Kxg5 Rb2 45. g4 Rb1 46. Kf5 b2 47. f4 Kh6 48. g5+ Kh5 49. Rxg7 Kh4 50. Rb7 Kg3 51. Rb3+ 1-0

[Event "SWE-ch Junior 2019"]
[Site "Eskilstuna"]
[Date "2019.07.10"]
[Round "5.1"]
[White "Storme, Isak"]
[Black "Carlsson, Ludvig"]
[Result "1-0"]
[ECO "B25"]
[WhiteElo "2330"]
[BlackElo "2218"]
[Annotator "NA"]
[PlyCount "57"]
[EventDate "2019.07.06"]
[EventType "tourn"]
[EventCountry "SWE"]
[SourceTitle "playchess.com"]
[Source "ChessBase"]
[SourceQuality "1"]
[TimeControl "40/5400+30:1800+30"]

1. e4 g6 2. Nc3 Bg7 3. g3 d6 4. Bg2 Nf6 5. f4 O-O 6. Nf3 c5 7. O-O Nc6 8. d3 Bg4 9. h3 Bxf3 10. Qxf3 Nd7 11. Kh1 Nd4 12. Qf2 b5 13. e5 dxe5 14. Bxa8 Qxa8+ 15. Kh2 exf4 16. Bxf4 Ne5 17. Bxe5 Bxe5 18. Rae1 Qb8 19. Ne4 f5 20. Nxc5 f4 21. Kh1 Nf5 22. Ne6 fxg3 23. Qe2 g2+ 24. Kxg2 Bd4 25. Rxf5 Rxf5 26. Nxd4 Rg5+ 27. Kh1 Qg3 28. Qe6+ Kh8 29. Qc8+ 1-0

[Event "SWE-ch Junior 2019"]
[Site "Eskilstuna"]
[Date "2019.07.10"]
[Round "5.2"]
[White "Joensson, Jacob"]
[Black "Torngren, Gustav"]
[Result "1-0"]
[ECO "A52"]
[WhiteElo "1981"]
[BlackElo "2109"]
[Annotator "NA"]
[PlyCount "77"]
[EventDate "2019.07.06"]
[EventType "tourn"]
[EventCountry "SWE"]
[SourceTitle "playchess.com"]
[Source "ChessBase"]
[SourceQuality "1"]
[TimeControl "40/5400+30:1800+30"]

1. d4 Nf6 2. c4 e5 3. dxe5 Ng4 4. Bf4 Nc6 5. Nf3 Bb4+ 6. Nbd2 Qe7 7. e3 Ngxe5 8. Nxe5 Nxe5 9. Be2 d6 10. O-O a5 11. Nf3 h5 12. a3 Bc5 13. b4 Bb6 14. Bxe5 dxe5 15. c5 Ba7 16. Qd5 Bg4 17. Bb5+ Kf8 18. Qxb7 Bxf3 19. Qxf3 e4 20. Qf4 Rh6 21. f3 c6 22. Bc4 exf3 23. Qxf3 Rf6 24. Qxh5 Qxe3+ 25. Kh1 Qh6 26. Qxh6 Rxf1+ 27. Rxf1 gxh6 28. Rxf7+ Ke8 29. Rh7 Bb8 30. b5 Be5 31. g3 Bd4 32. bxc6 Bxc5 33. c7 Bxa3 34. Be6 Be7 35. c8=Q+ Rxc8 36. Bxc8 a4 37. Be6 a3 38. Rxh6 Kd8 39. Rh7 1-0